PCL
DISTRICT 9 PRAWNS @ SANTA MONICA BRUINS
05/21/2024
 
TOP OF THE 1ST
District 9 Prawns batting - Pitching for Santa Monica Bruins : RHP Sloan Otto
Pitching: RHP Sloan Otto
Batting: LHB Enrique Nalasco 0-0: Ball
1-0: Called Strike
1-1: Ball
2-1: Foul Ball, location: 2F
2-2: Strikes out looking
Batting: SHB Mark Pope 0-0: Ball
1-0: Called Strike
1-1: Ball
2-1: Foul Ball, location: 2F
2-2: Fly out, F8 (Flyball, 8LD)
Batting: LHB Leland Hardy 0-0: Called Strike
0-1: Ball
1-1: Called Strike
1-2: Fly out, F7 (Line Drive, 7M)
Top of the 1st over - 0 run(s), 0 hit(s), 0 error(s), 0 left on base; District 9 0 - Santa Monica 0
BOTTOM OF THE 1ST
Santa Monica Bruins batting - Pitching for District 9 Prawns : LHP Pedro Valdés
Pitching: LHP Pedro Valdés
Batting: RHB Iván De Jesús 0-0: Called Strike
0-1: DOUBLE (Line Drive, 9LM)
Batting: LHB Ken Poche 0-0: Ball
1-0: Called Strike
1-1: Called Strike
1-2: Foul Ball, location: 2F
1-2: Foul Ball, location: 2F
1-2: Ball
2-2: Ball
3-2: SINGLE (Groundball, 3S) (infield hit)
Iván De Jesús to third
Batting: LHB António Glaviz 0-0: Called Strike
Ken Poche steals 2nd base
0-1: Fly out, F9 (Flyball, 89M)
Runner from 3rd tags up, SCORES, no throw
Batting: LHB Germán Charfauros 0-0: Called Strike
0-1: Ball
1-1: Foul Ball, location: 2F
1-2: Ball
2-2: Fly out, F6 (Popup, 5L)
Batting: LHB Bob Cunningham 0-0: Called Strike
0-1: Called Strike
0-2: Foul Ball, location: 2F
0-2: Ball
1-2: Foul Ball, location: 2F
1-2: Ball
2-2: Ground out U3 (Groundball, 3)
Bottom of the 1st over - 1 run(s), 2 hit(s), 0 error(s), 1 left on base; District 9 0 - Santa Monica 1
TOP OF THE 2ND
District 9 Prawns batting - Pitching for Santa Monica Bruins : RHP Sloan Otto
Batting: LHB Ryan Hensley 0-0: DOUBLE (Line Drive, 8RM)
Batting: RHB Mal Snyder 0-0: Ball
1-0: Swinging Strike
1-1: Swinging Strike
1-2: Fly out, F2 (Popup, 23F)
Batting: RHB Lúcio García 0-0: Ball
1-0: SINGLE (Groundball, 56D)
Ryan Hensley to third
Runner from 3rd tries for Home, SAFE, throw made home
Lúcio García to second
Batting: SHB Tommy Bourassa 0-0: Ball
1-0: SINGLE (Groundball, 4MD)
Lúcio García to third
Runner from 3rd tries for Home, SAFE, no throw or cutoff
Batting: LHB Ralph Schultz 0-0: Called Strike
0-1: Ball
1-1: Ball
2-1: Swinging Strike
2-2: Strikes out looking
Batting: RHB Phil Jacobs 0-0: Ball
1-0: Foul Ball, location: 2F
1-1: Ball
2-1: Called Strike
2-2: Fly out, F9 (Flyball, 9M)
Top of the 2nd over - 2 run(s), 3 hit(s), 0 error(s), 1 left on base; District 9 2 - Santa Monica 1
BOTTOM OF THE 2ND
Santa Monica Bruins batting - Pitching for District 9 Prawns : LHP Pedro Valdés
Batting: RHB Josh Richardson 0-0: Ball
1-0: Foul Ball, location: 2F
1-1: Ball
2-1: Ball
3-1: Swinging Strike
3-2: Ground out 5-3 (Groundball, 56S)
Batting: RHB Grant Jenkins 0-0: Ball
1-0: Foul Ball, location: 2F
1-1: Ball
2-1: Fly out, F8 (Flyball, 8LD)
Batting: RHB Armando Méndez 0-0: Ball
1-0: Ball
2-0: Ground out 6-3 (Groundball, 6MS)
Bottom of the 2nd over - 0 run(s), 0 hit(s), 0 error(s), 0 left on base; District 9 2 - Santa Monica 1
TOP OF THE 3RD
District 9 Prawns batting - Pitching for Santa Monica Bruins : RHP Sloan Otto
Batting: LHB Enrique Nalasco 0-0: Ground out 6-3 (Groundball, 6)
Batting: SHB Mark Pope 0-0: Ball
1-0: Ball
2-0: Ball
3-0: Base on Balls
Batting: LHB Leland Hardy 0-0: Called Strike
0-1: Ball
1-1: Fielders Choice at 2nd, 1-6 (Groundball, 13S)
Batting: LHB Ryan Hensley 0-0: Called Strike
0-1: Foul Ball, location: 2F
0-2: Ball
1-2: Ball
2-2: Fly out, F9 (Flyball, 8RD)
Top of the 3rd over - 0 run(s), 0 hit(s), 0 error(s), 1 left on base; District 9 2 - Santa Monica 1
BOTTOM OF THE 3RD
Santa Monica Bruins batting - Pitching for District 9 Prawns : LHP Pedro Valdés
Batting: RHB Carlos Carrillo 0-0: Ball
1-0: Foul Ball, location: 2F
1-1: Foul Ball, location: 2F
1-2: Foul Ball, location: 2F
1-2: Ball
2-2: Ball
3-2: SINGLE (Line Drive, 9S)
Batting: RHB Iván De Jesús 0-0: Called Strike
0-1: Called Strike
0-2: Foul Ball, location: 2F
0-2: Foul Ball, location: 2F
0-2: Ball
1-2: Foul Ball, location: 2F
1-2: Fly out, F4 (Popup, 3F)
Batting: LHB Ken Poche 0-0: Ball
1-0: Called Strike
1-1: Ball
2-1: Fielders Choice at 2nd, 4-6 (Groundball, 4D)
Batting: LHB António Glaviz 0-0: Ground out 4-3 (Groundball, 34)
Bottom of the 3rd over - 0 run(s), 1 hit(s), 0 error(s), 1 left on base; District 9 2 - Santa Monica 1
TOP OF THE 4TH
District 9 Prawns batting - Pitching for Santa Monica Bruins : RHP Sloan Otto
Batting: RHB Mal Snyder 0-0: Ball
1-0: Called Strike
1-1: Ball
2-1: Called Strike
2-2: Ball
3-2: Strikes out looking
Batting: RHB Lúcio García 0-0: Called Strike
0-1: Ball
1-1: Called Strike
1-2: Ball
2-2: Foul Ball, location: 2F
2-2: Ball
3-2: Strikes out swinging
Batting: SHB Tommy Bourassa 0-0: SINGLE (Line Drive, 9LS)
Batting: LHB Ralph Schultz 0-0: Ball
1-0: Swinging Strike
1-1: Ball
2-1: Fly out, F4 (Line Drive, 4)
Top of the 4th over - 0 run(s), 1 hit(s), 0 error(s), 1 left on base; District 9 2 - Santa Monica 1
BOTTOM OF THE 4TH
Santa Monica Bruins batting - Pitching for District 9 Prawns : LHP Pedro Valdés
Batting: LHB Germán Charfauros 0-0: Foul Ball, location: 2F
0-1: Ground out 6-3 (Groundball, 6M)
Batting: LHB Bob Cunningham 0-0: Ball
1-0: Ball
2-0: Foul Ball, location: 2F
2-1: Swinging Strike
2-2: Ball
3-2: Base on Balls
Batting: RHB Josh Richardson 0-0: Ball
1-0: Ball
2-0: Called Strike
2-1: Ball
3-1: Base on Balls
Bob Cunningham to second
Batting: RHB Grant Jenkins 0-0: Called Strike
0-1: Ball
1-1: Foul Ball, location: 2F
1-2: Strikes out swinging
Batting: RHB Armando Méndez 0-0: Ball
1-0: Called Strike
1-1: Foul Ball, location: 2F
1-2: SINGLE (Groundball, 5D)
Bob Cunningham to third
Josh Richardson to second
Runner from 3rd tries for Home, SAFE, no throw or cutoff
Batting: RHB Carlos Carrillo 0-0: Swinging Strike
0-1: Swinging Strike
0-2: Ball
1-2: Foul Ball, location: 2F
1-2: Foul Ball, location: 2F
1-2: Foul Ball, location: 2F
1-2: SINGLE (Flyball, 8RS)
Josh Richardson to third
Armando Méndez to second
Runner from 3rd tries for Home, SAFE, no throw or cutoff
Batting: RHB Iván De Jesús 0-0: Ball
1-0: Foul Ball, location: 2F
1-1: Ball
2-1: Foul Ball, location: 2F
2-2: Ball
3-2: Foul Ball, location: 2F
3-2: Foul Ball, location: 2F
3-2: Foul Ball, location: 2F
3-2: Base on Balls
Armando Méndez to third
Carlos Carrillo to second
Batting: LHB Ken Poche 0-0: Called Strike
0-1: Ball
1-1: Called Strike
1-2: Ball
2-2: Strikes out swinging
Bottom of the 4th over - 2 run(s), 2 hit(s), 0 error(s), 3 left on base; District 9 2 - Santa Monica 3
TOP OF THE 5TH
District 9 Prawns batting - Pitching for Santa Monica Bruins : RHP Sloan Otto
Batting: RHB Phil Jacobs 0-0: Ball
1-0: Called Strike
1-1: Ground out 4-3 (Groundball, 4M)
Batting: LHB Enrique Nalasco 0-0: Ball
1-0: SINGLE (Popup, 7S)
Batting: SHB Mark Pope 0-0: Ball
Enrique Nalasco steals 2nd base
1-0: Ball
2-0: Ball
3-0: Base on Balls
Batting: LHB Leland Hardy 0-0: Called Strike
0-1: Fly out, F7 (Flyball, 7S)
Batting: LHB Ryan Hensley 0-0: Ball
1-0: Ball
2-0: Called Strike
2-1: Foul Ball, location: 2F
2-2: Foul Ball, location: 2F
2-2: Ground out 4-3 (Groundball, 4)
Top of the 5th over - 0 run(s), 1 hit(s), 0 error(s), 2 left on base; District 9 2 - Santa Monica 3
BOTTOM OF THE 5TH
Santa Monica Bruins batting - Pitching for District 9 Prawns : LHP Pedro Valdés
Pitching: RHP Doug Adams
Batting: LHB António Glaviz 0-0: Ball
1-0: Swinging Strike
1-1: Fly out, F8 (Flyball, 8LD)
Batting: LHB Germán Charfauros 0-0: Ball
1-0: Ball
2-0: Called Strike
2-1: Foul Ball, location: 2F
2-2: Foul Ball, location: 2F
2-2: Fly out, F4 (Popup, 4MD)
Batting: LHB Bob Cunningham 0-0: Swinging Strike
0-1: Ball
1-1: Ball
2-1: Ball
3-1: Foul Ball, location: 2F
3-2: Strikes out looking
Bottom of the 5th over - 0 run(s), 0 hit(s), 0 error(s), 0 left on base; District 9 2 - Santa Monica 3
TOP OF THE 6TH
District 9 Prawns batting - Pitching for Santa Monica Bruins : RHP Sloan Otto
Batting: RHB Mal Snyder 0-0: Called Strike
0-1: Foul Ball, location: 2F
0-2: Foul Ball, location: 2F
0-2: Strikes out looking
Batting: RHB Lúcio García 0-0: Called Strike
0-1: Foul Ball, location: 2F
0-2: Foul Ball, location: 2F
0-2: Fly out, F6 (Popup, 8LS)
Batting: SHB Tommy Bourassa 0-0: TRIPLE (Line Drive, 3D)
Batting: LHB Ralph Schultz 0-0: Called Strike
0-1: Called Strike
0-2: Ball
1-2: Ball
2-2: Fly out, F8 (Line Drive, 8RS)
Top of the 6th over - 0 run(s), 1 hit(s), 0 error(s), 1 left on base; District 9 2 - Santa Monica 3
BOTTOM OF THE 6TH
Santa Monica Bruins batting - Pitching for District 9 Prawns : RHP Doug Adams
Batting: RHB Josh Richardson 0-0: SINGLE (Groundball, 13) (infield hit)
Batting: RHB Grant Jenkins 0-0: Ball
1-0: Foul Ball, location: 2F
1-1: Swinging Strike
1-2: Strikes out swinging
Batting: RHB Armando Méndez 0-0: Swinging Strike
0-1: Called Strike
0-2: Strikes out swinging
Batting: RHB Carlos Carrillo 0-0: Ball
1-0: Called Strike
1-1: Swinging Strike
1-2: Hit by Pitch
Josh Richardson to second
Batting: RHB Iván De Jesús 0-0: Ball
1-0: Ground out 5-3 (Groundball, 5)
Bottom of the 6th over - 0 run(s), 1 hit(s), 0 error(s), 2 left on base; District 9 2 - Santa Monica 3
TOP OF THE 7TH
District 9 Prawns batting - Pitching for Santa Monica Bruins : RHP Sloan Otto
Batting: RHB Phil Jacobs 0-0: Ball
1-0: Ball
2-0: Fly out, F3 (Popup, 34S)
Batting: LHB Enrique Nalasco 0-0: Ground out 1-3 (Groundball, 13)
Batting: SHB Mark Pope 0-0: Ball
1-0: Ball
2-0: Ball
3-0: Called Strike
3-1: Swinging Strike
3-2: Base on Balls
Pitching: RHP Manuel López
Batting: LHB Leland Hardy 0-0: Ball
1-0: Foul Ball, location: 2F
1-1: Called Strike
1-2: Strikes out looking
Top of the 7th over - 0 run(s), 0 hit(s), 0 error(s), 1 left on base; District 9 2 - Santa Monica 3
BOTTOM OF THE 7TH
Santa Monica Bruins batting - Pitching for District 9 Prawns : RHP Doug Adams
Pitching: RHP Jayson Simms
Batting: LHB Ken Poche 0-0: Ball
1-0: SOLO HOME RUN (Flyball, 9LD), Distance : 342 ft
Batting: LHB António Glaviz 0-0: Ball
1-0: Ball
2-0: Ground out 3-1 (Groundball, 3D)
Batting: LHB Germán Charfauros 0-0: Ball
1-0: Ball
2-0: Ground out 1-3 (Groundball, 15)
Batting: LHB Bob Cunningham 0-0: Ball
1-0: Foul Ball, location: 2F
1-1: Ball
2-1: Ball
3-1: Called Strike
3-2: Base on Balls
Batting: RHB Josh Richardson 0-0: Ball
1-0: 2-RUN HOME RUN (Flyball, 8LXD), Distance : 414 ft
Batting: RHB Grant Jenkins 0-0: Ball
1-0: Called Strike
1-1: Foul Ball, location: 2F
1-2: Ball
2-2: Foul Ball, location: 2F
2-2: Ball
3-2: Foul Ball, location: 2F
3-2: Foul Ball, location: 2F
3-2: Ground out 6-3 (Groundball, 56)
Bottom of the 7th over - 3 run(s), 2 hit(s), 0 error(s), 0 left on base; District 9 2 - Santa Monica 6
TOP OF THE 8TH
District 9 Prawns batting - Pitching for Santa Monica Bruins : RHP Manuel López
Batting: LHB Ryan Hensley 0-0: Ball
1-0: Swinging Strike
1-1: Ball
2-1: Foul Ball, location: 2F
2-2: SINGLE (Flyball, 4MD)
Batting: RHB Mal Snyder 0-0: SINGLE (Line Drive, 6D)
Ryan Hensley to second
Batting: RHB Lúcio García 0-0: Called Strike
0-1: Called Strike
0-2: Strikes out swinging
Batting: SHB Tommy Bourassa 0-0: Swinging Strike
0-1: Swinging Strike
0-2: Strikes out looking
Pitching: LHP Xavier Velázquez
Batting: LHB Ralph Schultz 0-0: Ball
1-0: Fielders Choice at 2nd, U4 (Groundball, 4M)
Top of the 8th over - 0 run(s), 2 hit(s), 0 error(s), 2 left on base; District 9 2 - Santa Monica 6
BOTTOM OF THE 8TH
Santa Monica Bruins batting - Pitching for District 9 Prawns : RHP Jayson Simms
Pitching: LHP Pedro Vega
Batting: RHB Armando Méndez 0-0: SINGLE (Line Drive, 78S)
Batting: RHB Carlos Carrillo 0-0: Swinging Strike
0-1: Bunted foul
0-2: Fly out, F1 (Popup, 23)
Batting: RHB Iván De Jesús 0-0: Ball
1-0: Called Strike
1-1: Ball
2-1: Fly out, F8 (Flyball, 8LM)
Batting: LHB Ken Poche 0-0: Called Strike
0-1: Called Strike
0-2: Ball
1-2: Ball
2-2: Strikes out looking
Bottom of the 8th over - 0 run(s), 1 hit(s), 0 error(s), 1 left on base; District 9 2 - Santa Monica 6
TOP OF THE 9TH
District 9 Prawns batting - Pitching for Santa Monica Bruins : LHP Xavier Velázquez
Batting: RHB Phil Jacobs 0-0: Swinging Strike
0-1: Ball
1-1: Ball
2-1: Ball
3-1: Base on Balls
Batting: LHB Enrique Nalasco 0-0: Ball
1-0: Foul Ball, location: 2F
1-1: Foul Ball, location: 2F
1-2: Ball
2-2: Ball
3-2: Fly out, F8 (Flyball, 8LD)
Batting: SHB Mark Pope 0-0: SINGLE (Groundball, 56D)
Phil Jacobs to second
Phil Jacobs to third
Pitching: RHP José Betancourt
Batting: LHB Leland Hardy 0-0: Ball
1-0: Ball
2-0: Called Strike
2-1: Fly out, F7 (Flyball, 78M)
Batting: LHB Ryan Hensley 0-0: Ball
1-0: Ball
2-0: Fly out, F7 (Popup, 7S)
Top of the 9th over - 0 run(s), 1 hit(s), 0 error(s), 2 left on base; District 9 2 - Santa Monica 6
This league is powered by Out of the Park Baseball, the baseball management simulation game for PC, Mac and Linux
Saturday, April 9th, 2016 - OOTP Baseball 16.8 Build 38